 Dungeon Crawl Stone Soup version 0.30.1-8-g117510f58f (webtiles) character file.

Game seed: 2045231934283245257

276 NullDivider the Stinger (level 6, -2/36 HPs)
             Began as an Octopode Venom Mage on Sept 22, 2023.
             Slain by a kobold brigand
             ... wielding a +0 whip
              (8 damage)
             ... in a sewer.
             The game lasted 00:13:22 (2868 turns).

NullDivider the Stinger (Octopode Venom Mage)       Turns: 2868, Time: 00:13:23

Health: -2/36      AC:  1    Str:  7    XL:     6   Next: 25%
Magic:  3/10       EV: 14    Int: 17    God:
Gold:   141        SH:  0    Dex: 15    Spells: 5/11 levels left

rFire   . . .        s - +1 dagger (venom)
rCold   . . .        (no shield)
rNeg    . . .        (helmet restricted)
rPois   .            (no amulet)
rElec   .            (no ring)
rCorr   .            (no ring)
SInv    .            (no ring)
Will    .....        (no ring)
Stlth   +++++        (no ring)
HPRegen 0.26/turn    (no ring)
MPRegen 0.12/turn    (no ring)
                     (no ring)

%: no passive effects
@: slowed, very slow
A: almost no armour, amphibious, 8 rings, camouflage 1, gelatinous body 1,
nimble swimmer 1, tentacles
a: no special abilities


You were in a sewer.
You visited 1 branch of the dungeon, and saw 3 of its levels.
You also visited: Sewer.

You collected 141 gold pieces.

Inventory:

Hand Weapons
 r - a +0 dagger of protection
 s - a +1 dagger of venom (weapon)
Scrolls
 b - 2 scrolls of noise {unknown}
 c - a scroll of amnesia {unknown}
 d - a scroll of poison {unknown}
 e - a scroll of enchant weapon {unknown}
 f - a scroll of identify {unknown}
 g - a scroll of blinking {unknown}
 h - a scroll of enchant armour {unknown}
 l - a scroll of teleportation {unknown}
 m - a scroll of silence {unknown}
 o - a scroll of summoning {unknown}
 q - 2 scrolls of vulnerability {unknown}
 u - a scroll of magic mapping {unknown}
Potions
 a - 2 potions of magic
 i - a potion of degeneration {unknown}
 j - 5 potions of mutation {unknown}
 k - 2 potions of might {unknown}
 n - 3 potions of curing {unknown}
 p - a potion of invisibility {unknown}
 t - a potion of heal wounds {unknown}


   Skills:
 + Level 0.5 Short Blades
 + Level 3.2 Dodging
 + Level 4.6 Stealth
 + Level 3.2 Spellcasting
 - Level 1.0 Transmutations
 + Level 2.0 Air Magic
 + Level 4.9 Poison Magic


You had 5 spell levels left.
You knew the following spells:

 Your Spells              Type           Power      Damage    Failure   Level
a - Sting                 Tmut/Pois      48%        1d5       4%          1
b - Poisonous Vapours     Pois/Air       28%        N/A       6%          2
c - Mephitic Cloud        Conj/Pois/Air  10%        N/A       21%         3

Your spell library contained the following spells:

 Spells                   Type           Power      Damage    Failure   Level
 Olgreb's Toxic Radiance  Pois           19%        N/A       22%         4


Dungeon Overview and Level Annotations

Branches:
Dungeon (3/15)              Sewer (1/1)

Altars:
Dithmenos

Shops:
D:1 :


Innate Abilities, Weirdness & Mutations

You cannot wear most types of armour.
You are amphibious.
You can wear up to eight rings at the same time.
Your skin changes colour to match your surroundings (Stealth+).
Your rubbery body absorbs attacks. (AC +1, EV +1)
You are camouflaged when in or above water. (Stealth+)
You have tentacles for arms and can constrict up to eight enemies at once.


Message History

You kill the kobold!
You hear a splash.
You feel sick.
The kobold throws a stone.
The stone misses you.
Casting: Mephitic Cloud (quite dangerous; 21% risk of failure)
Confirm with . or Enter, or press ? or * to list all spells.
The spell is quite dangerous to miscast (21% risk of failure)!
Continue anyway?
Aiming: Mephitic Cloud (quite dangerous; 21% risk of failure)
Press: ? - help, Shift-Dir - straight line, f - kobold
Aim: a kobold, wielding a +0 short sword (chance to affect: 96%)
The ball explodes into a vile cloud!
The stinking cloud engulfs the kobold but does no damage. x4
You feel sick.
The kobold is engulfed in noxious fumes.
The kobold appears confused.
The kobold is engulfed in noxious fumes.
The kobold appears confused.
The kobold brigand throws a poisoned dart.
The poisoned dart misses you.
Casting: Mephitic Cloud (quite dangerous; 21% risk of failure)
Confirm with . or Enter, or press ? or * to list all spells.
Aiming: Sting (safe; 4% risk of failure)
Press: ? - help, Shift-Dir - straight line, f - kobold brigand, p - kobold
Aim: a kobold brigand, wielding a +0 whip and quivering poisoned darts (64% to hit)
The sting hits the kobold brigand.
The kobold brigand is poisoned.
The kobold brigand is lightly wounded.
You feel sick.
You are no longer poisoned.
The kobold is engulfed in noxious fumes.
The kobold appears confused.
The kobold completely misses the kobold brigand.
The kobold throws a stone.
The stone misses you.
The kobold is engulfed in noxious fumes.
The kobold appears confused.
The kobold falls into the water!
The kobold drowns.
You hear a splash.
You closely miss the kobold brigand. You grab the kobold brigand.
The kobold brigand is moderately wounded.
You constrict the kobold brigand, but do no damage.
The kobold brigand hits you with a +0 whip!
You die...

#......P.#~≈~#.....##
##.....~P#~≈~#.....#
##....~~#~~~#.....#
##P....~#~≈~#.....##
##......~~~≈~#......#
#......~~~~≈~#......#
#......~~~~≈~#......#
##..P.~~P#~≈~#......#
#.....~~#@K~#~~....#
#......P#~≈K#P~...##
#.......#~)°K~P...##
#.......#~)~°K~....#
#.......#~≈~#°...###
###.....#~≈~#....#
###''##~~~##''##
#..).#~≈~#.!..#
#..).#~≈~#..!?#


You could see a kobold brigand (poisoned) and 3 kobolds.

Vanquished Creatures
  2 kobold brigands (Sewer)
  6 adders
  4 worms
  3 orcs (D:3)
  2 bats
  7 endoplasms
  A giant cockroach (D:2)
  2 goblins
  2 hobgoblins
  5 jackals
  A quokka (D:2)
  7 ball pythons
  3 frilled lizards
  11 kobolds
  15 rats
71 creatures vanquished.

Notes
Turn   | Place    | Note
-------+----------+-------------------------------------------
     0 | D:1      | NullDivider the Octopode Venom Mage began the quest for the
                  | Orb.
     0 | D:1      | Reached XP level 1. HP: 11/11 MP: 3/3
    70 | D:1      | Found Soajext's Vocational Training.
   367 | D:1      | Reached XP level 2. HP: 12/17 MP: 1/5
   588 | D:1      | You fall into a shaft and drop 1 floor!
   690 | D:2      | Learned a level 2 spell: Poisonous Vapours
   895 | D:1      | Reached XP level 3. HP: 20/21 MP: 2/6
   935 | D:1      | Learned a level 3 spell: Mephitic Cloud
  1717 | D:2      | Found a shadowy altar of Dithmenos.
  1853 | D:2      | Reached XP level 4. HP: 22/27 MP: 7/7
  2191 | D:3      | Reached skill level 1 in Air Magic
  2398 | D:3      | Found a glowing drain.
  2406 | Sewer    | Entered a sewer
  2498 | Sewer    | Reached XP level 5. HP: 31/31 MP: 9/9
  2654 | Sewer    | Noticed a kobold brigand
  2673 | Sewer    | Killed a kobold brigand
  2853 | Sewer    | Noticed a kobold brigand
  2853 | Sewer    | Noticed a kobold brigand
  2864 | Sewer    | Killed a kobold brigand
  2865 | Sewer    | Reached XP level 6. HP: 8/36 MP: 6/10
  2868 | Sewer    | Slain by a kobold brigand

Illustrated notes

Levels and vault maps discovered:
D:1:      onia_arrival_mini_maze, layout_basic, nicolae_shop_vocational
D:2:      layout_rooms, basic_altar
D:3:      layout_rooms, gammafunk_ghost_mausoleum, serial_shops,
          nicolae_shop_rolled_up, lightli_sewer_entry_pipes,
          kennysheep_generic_room_13
Sewer:    kennysheep_pipe_town

Skill      XL: |  1  2  3  4  5 |
---------------+----------------+-----
Stealth        | 3 4 |  4.6
Poison Magic   | 4 |  4.9
Air Magic      | 1 2 |  2.0
Dodging        | 3 |  3.2
Spellcasting   | 3 |  3.2
Short Blades   | |  0.5
Transmutations | |  1.0

Action                     |  1- 3 |  4- 6 || total
---------------------------+-------+-------++-------
  Melee: Unarmed           |    56 |    59 ||   115
         Constrict         |    14 |    26 ||    40
         Tentacles         |     8 |    16 ||    24
         Punch             |     1 |     1 ||     2
         Dagger            |       |     7 ||     7
   Cast: Sting             |    29 |    24 ||    53
         Poisonous Vapours |     4 |    13 ||    17
         Mephitic Cloud    |       |     3 ||     3
   Stab: Sleeping          |     4 |     6 ||    10
         Confused          |       |     1 ||     1
 Armour: Skin              |     8 |     2 ||    10
  Dodge: Dodged            |    39 |    29 ||    68
